 Dungeon Crawl Stone Soup version 0.17.1-2-g5865329 (webtiles) character file.

25 ololoev the Covered (level 2, 0/24 HPs)
             Began as a Demonspawn Fighter on Feb 16, 2016.
             Slain by Natasha (1 damage)
             ... on level 2 of the Dungeon.
             The game lasted 00:01:39 (267 turns).

ololoev the Covered (Demonspawn Fighter)             Turns: 267, Time: 00:01:39

Health: 0/24       AC:  6    Str: 16    XL:     2   Next: 82%
Magic:  2/2        EV:  6    Int:  9    God:
Gold:   44         SH:  8    Dex: 12    Spells: 0 memorised, 1 level left

rFire  . . .     SeeInvis .     a - +0 war axe
rCold  . . .     Clarity  .     b - +0 scale mail
rNeg   . . .     SustAt   .     c - +0 shield
rPois  .         Gourm    .     (no helmet)
rElec  .         Spirit   .     (no cloak)
rCorr  .         Warding  .     (no gloves)
rMut   .         Stasis   .     (no boots)
MR     .....                    (no amulet)
Stlth  ..........               (no ring)
                                (no ring)

@: slowed, very slow, not resistant to hostile enchantments, extremely
unstealthy
A: claws 1
a: no special abilities


Innate Abilities, Weirdness & Mutations

You have sharp fingernails.

Inventory:

Hand Weapons
 a - a +0 war axe (weapon)
Armour
 b - a +0 scale mail (worn)
 c - a +0 shield (worn)
Scrolls
 d - a scroll of recharging {unknown}
 h - 2 scrolls of fear {unknown}
Comestibles
 e - a bread ration
 f - 3 fruits
 g - a meat ration


   Skills:
 - Level 3.0 Fighting
 * Level 2.5 Axes
 + Level 3.1 Armour
 - Level 2.6 Shields


You had one spell level left.
You didn't know any spells.


You were on level 2 of the Dungeon.
You were not hungry.

You visited 1 branch of the dungeon, and saw 4 of its levels.

You collected 44 gold pieces.

#.. #.##.....#
+............#
#...#........
##...#......#
............#
............#
.......h†..#
.......@.5.####
.......>)......
....###........
... ....._..# .
.........#
...##.....#
.... .....#
..... .....#
...### ###)##

Notes
Turn   | Place    | Note
--------------------------------------------------------------
     0 | D:1      | ololoev the Demonspawn Fighter began the quest for the Orb.
     0 | D:1      | Reached XP level 1. HP: 18/18 MP: 1/1
   160 | D:2      | Gained mutation: You have sharp fingernails. [demonic ancestry]
   160 | D:2      | Reached XP level 2. HP: 14/24 MP: 2/2
   225 | D:4      | Noticed ololoev's ghost (weakling DsFi)
   231 | D:4      | Noticed a scorpion
   259 | D:2      | Found a sparkling altar of Nemelex Xobeh.
   259 | D:2      | Noticed Natasha
   264 | D:2      | HP: 1/24 [Natasha (8)]
   267 | D:2      | Slain by Natasha

Dungeon Overview and Level Annotations

Branches:
Dungeon (4/15)
 Temple: D:4-7

Altars:
Nemelex Xobeh

Annotations:
D:2 Natasha
D:4 ololoev's ghost, weakling DsFi


Message History

There is a stone staircase leading down here.
A giant gecko comes into view.
The bat barely misses you.
You closely miss Natasha. You hit the bat.
You kill the bat!
Natasha howls an incantation.
Natasha's fingertips start to glow.
Natasha claws you. Natasha casts a spell at you.
You resist with significant effort.
You completely miss Natasha.
Natasha wildly gestures.
Natasha glows brightly for a moment.
Natasha claws you.
Unknown command.
You closely miss Natasha. Natasha claws you but does no damage.
You block Natasha's attack.
Unknown command.
You hit Natasha.
Natasha is lightly wounded.
Your shield prevents you from hitting the giant gecko.
You block the giant gecko's attack. The giant gecko closely misses you.
Natasha claws you!
Unknown command.
You hit Natasha.
Natasha is heavily wounded.
You slash the giant gecko!
You kill the giant gecko!
Natasha casts a spell at you.
You feel yourself slow down. You block Natasha's attack.
Unknown command.
You hit Natasha.
Natasha is almost dead.
You block Natasha's attack.
Natasha casts a spell.
Unknown command.
You hit Natasha.
Natasha is almost dead.
Natasha claws you.
You die...

You could see an iron imp and Natasha.

Vanquished Creatures
  An adder (D:2)
  A giant gecko (D:2)
  2 hobgoblins
  2 jackals (D:3)
  A kobold (D:1)
  3 bats (D:2)
  A giant cockroach (D:1)
  2 goblins
  2 rats (D:1)
15 creatures vanquished.

Action                   || total
-------------------------++-------
Melee: War axe           ||    37
  Use: Potion            ||     1

Vault maps used:
D:1:      scummos_arrival_simple_fountains, serial_bayou, serial_bayou_lagoon_a,
          serial_bayou_pond_a, serial_bayou_shore_b, serial_bayou_pond_e,
          serial_bayou_crossing
D:2:      nicolae_tso_carved_into_rock, nemelex_deck, marbit_many_paths,
          uniq_natasha
D:3:      overflow_temple_1_default, led_sif_pool, lightli_corner_chamber,
          uniq_jessica
D:4:      first_bread
